 Dungeon Crawl Stone Soup version 0.31-a0-818-ge7c7cf74f0 (webtiles) character file.

Game seed: 11855645982959795209

3 Essalna the Digger (level 1, -2/13 HPs)
             Began as a Demonspawn Earth Elementalist on Sept 23, 2023.
             Slain by a kobold
             ... wielding a +0 dagger
              (3 damage)
             ... on level 1 of the Dungeon.
             The game lasted 00:00:24 (178 turns).

Essalna the Digger (Demonspawn Earth Elementalist)   Turns: 178, Time: 00:00:24

Health: -2/13      AC:  2    Str:  8    XL:     1   Next: 41%
Magic:  0/3        EV: 12    Int: 16    God:
Gold:   0          SH:  0    Dex: 13    Spells: 3/4 levels left

rFire   . . .        d - +0 short sword
rCold   . . .        (no shield)
rNeg    . . .        a - +0 robe
rPois   .            (no helmet)
rElec   .            (no cloak)
rCorr   .            (no gloves)
SInv    .            (no boots)
Will    .....        (no amulet)
Stlth   ++           (no ring)
HPRegen 0.22/turn    (no ring)
MPRegen 0.08/turn

%: no passive effects
@: no status effects
A: no striking features
a: no special abilities


You were on level 1 of the Dungeon.
You visited 1 branch of the dungeon, and saw 1 of its levels.

Inventory:

Hand Weapons
 d - a +0 short sword (weapon)
Armour
 a - a +0 robe (worn)
Scrolls
 e - a scroll of identify {unknown}
Potions
 b - a potion of magic
 c - a potion of curing {unknown}


   Skills:
 - Level 1.7 Dodging
 - Level 1.7 Stealth
 + Level 2.1 Spellcasting
 - Level 0.8 Transmutations
 + Level 2.8 Earth Magic


You had 3 spell levels left.
You knew the following spells:

 Your Spells              Type           Power      Damage    Failure   Level
a - Sandblast             Erth           20%        2d7       6%          1

Your spell library contained the following spells:

 Spells                   Type           Power      Damage    Failure   Level
 Passwall                 Tmut/Erth      5%         N/A       14%         2
 Stone Arrow              Conj/Erth      12%        3d7       34%         3
 Petrify                  Tmut/Erth      7%         N/A       67%         4
 Brom's Barrelling Bould  Conj/Erth      6%         2d3       75%         4


Dungeon Overview and Level Annotations

Branches:
Dungeon (1/15)

Altars:


Message History

The endoplasm is moderately wounded.
The endoplasm hits you.
You barely miss the endoplasm.
The endoplasm is moderately wounded.
The endoplasm closely misses you.
Hit: d) +0 short sword
Press: ? - help, Dir - move target, f/p - endoplasm
Aim: an endoplasm (moderately wounded, about 14% to evade your +0 short sword)
You hit the endoplasm.
The endoplasm is severely wounded.
The endoplasm freezes you.
You are frozen.
Hit: d) +0 short sword
Press: ? - help, Dir - move target, f/p - endoplasm
Aim: an endoplasm (severely wounded, about 14% to evade your +0 short sword)
You hit the endoplasm.
You kill the endoplasm!
The kobold hits you but does no damage.
Your magical contamination has completely faded away.
Hit: d) +0 short sword
Press: ? - help, Dir - move target, f - kobold
Aim: a kobold, wielding a +0 dagger (about 49% to evade your +0 short sword)
You hit the kobold.
The kobold is moderately wounded.
The kobold hits you with a +0 dagger.
* * * LOW HITPOINT WARNING * * *
Hit: d) +0 short sword
Press: ? - help, Dir - move target, f/p - kobold
Aim: a kobold, wielding a +0 dagger (moderately wounded, about 49% to evade your +0 short sword)
You hit the kobold but do no damage.
The kobold is moderately wounded.
The kobold hits you with a +0 dagger.
* * * LOW HITPOINT WARNING * * *
Hit: d) +0 short sword
Press: ? - help, Dir - move target, f/p - kobold
Aim: a kobold, wielding a +0 dagger (moderately wounded, about 49% to evade your +0 short sword)
You barely miss the kobold.
The kobold is moderately wounded.
The kobold hits you with a +0 dagger.
You die...

###### #[#........#.#
.....###.#....#.#...###.
........................
##.###..................
##.# #.###....#.#.....#
##.###.###............#
.......................
##.###..#..........#
...........#....@K.#
##.###..#..#............
##.# #..#..#....#...#...
....... ................
##.### .#..#....#.#.....
##.# ..................
.#...............
#.###...#.#.....


You could see a kobold.

Vanquished Creatures
  An endoplasm (D:1)
  2 kobolds (D:1)
  A rat (D:1)
4 creatures vanquished.

Notes
Turn   | Place    | Note
-------+----------+-------------------------------------------
     0 | D:1      | Essalna the Demonspawn Earth Elementalist began the quest
                  | for the Orb.
     0 | D:1      | Reached XP level 1. HP: 13/13 MP: 3/3
   178 | D:1      | Slain by a kobold

Illustrated notes

Levels and vault maps discovered:
D:1:      matt_arrival_refuge, layout_basic, hellmonk_ecumenical_altar_lost_god,
          minmay_lizard_king

Action                     || total
---------------------------++-------
  Melee: Short sword       ||     9
   Cast: Sandblast         ||     3
 Armour: Robe              ||     5
  Dodge: Dodged            ||     2

Table legend: (Time is in decaauts)
 A = Elapsed time spent in this place.
 B = Non-inter-level travel time spent in this place.
 C = Inter-level travel time spent in this place.
 D = Time resting spent in this place.
 E = Time spent auto-exploring this place.
 F = Levels seen in this place.
 G = Mean time per level.
                   A        B        C        D        E       F      G
               +--------+--------+--------+--------+--------+-----+--------+
         Total |    179 |    179 |      0 |      0 |    139 |   1 |  179.0 |
       Dungeon |    179 |    179 |      0 |      0 |    139 |   1 |  179.0 |
               +--------+--------+--------+--------+--------+-----+--------+

Top non-repeatable levels by time:
     D:1: 179 daAuts
